Rangers vs Senateurs

Created - 5 avril 2018 at 07:59

Goals
1 2 3 T
Rangers 0 4 0 4
Senateurs 0 2 0 2
Shots
1 2 3 T
Rangers 15 11 10 36
Senateurs 7 13 11 31

1st period

No Goal

Penalties :
No Penalty

2nd period

1. Senateurs , Viktor Arvidsson 37 (Frans Nielsen 49) at 0:12
2. Rangers , Esa Lindell 2 (Justin Williams 28, Jason Spezza 35) at 2:58
3. Rangers , Paul Byron 18 (Tobias Rieder 8) at 6:56
4. Rangers , Kyle Connor 19 (Ron Hainsey 15, Esa Lindell 15) at 7:34
5. Senateurs , Jason Garrison 1 (Alexandre Burrows 8, Dwight King 8) at 11:19
6. Rangers , Paul Byron 19 (Tobias Rieder 9) at 16:05

Penalties :
No Penalty

3rd period

No Goal

Penalties :
Christian Folin (NYR) for Delaying the game (Minor) at 12:40

Goalie Stats

Henrik Lundqvist (NYR), 29 saves from 31 shots - (0,935), W, 31-19-10, 60:00 minutes
Jaroslav Halak (OTT), 32 saves from 36 shots - (0,889), L, 11-10-2, 60:00 minutes

Players Stats for Rangers

Player Name              G  A  P  +/- PIM S  H  SB GA TA FO     MP     PP MP  PK MP  
------------------------------------------------------------------------------------
Anton Lander             0  0  0  -1  0   2  0  0  0  0  0/0     9:18   0:00   0:30 
Artemi Panarin           0  0  0  -1  0   5  1  0  0  0  0/3    18:58   0:00   0:00 
Ben Smith                0  0  0  -1  0   1  0  0  0  0  1/3     8:19   0:00   1:00 
Brayden Schenn           0  0  0  -1  0   2  3  0  0  2  1/1    19:34   0:00   0:29 
Christian Folin          0  0  0  -1  2   0  0  0  0  0  0/0    14:15   0:00   0:00 
Clayton Stoner           0  0  0  -1  0   0  0  0  0  2  0/0    14:11   0:00   0:00 
Esa Lindell              1  1  2   3  0   2  0  3  1  0  0/0    22:18   0:00   1:20 
Jason Spezza             0  1  1   2  0   1  0  0  0  0  9/19   17:53   0:00   0:00 
Johan Larsson            0  0  0  -1  0   1  0  0  0  0  0/0     8:32   0:00   1:00 
Justin Williams          0  1  1   2  0   3  0  0  2  0  0/0    17:56   0:00   0:00 
Kyle Connor              1  0  1   2  0   8  1  0  3  0  0/0    18:29   0:00   0:29 
Matt Duchene             0  0  0  -1  0   0  1  2  0  1  14/24  18:57   0:00   0:00 
Matt Niskanen            0  0  0   0  0   1  2  1  1  2  0/0    23:31   0:00   0:39 
Paul Byron               2  0  2   2  0   5  0  1  2  0  0/1    13:21   0:00   0:00 
Ron Hainsey              0  1  1   3  0   2  0  0  0  0  0/0    21:42   0:00   0:39 
Tobias Rieder            0  2  2   2  0   2  0  0  1  1  0/0    12:12   0:00   0:00 
Torrey Mitchell          0  0  0   2  0   1  1  0  0  1  3/8    14:27   0:00   0:30 
Zdeno Chara              0  0  0   0  0   0  4  0  0  3  0/0    24:07   0:00   1:20 

Players Stats for Senateurs

Player Name              G  A  P  +/- PIM S  H  SB GA TA FO     MP     PP MP  PK MP  
------------------------------------------------------------------------------------
Alexandre Burrows        0  1  1   0  0   1  1  0  2  0  0/0    10:13   0:05   0:00 
Chandler Stephenson      0  0  0   0  0   0  1  0  1  0  3/8    13:12   0:00   0:00 
Dougie Hamilton          0  0  0   0  0   2  0  1  0  1  0/0    25:14   0:57   0:00 
Dustin Brown             0  0  0  -3  0   4  1  1  0  1  0/2    17:13   0:54   0:00 
Dwight King              0  1  1   0  0   1  0  0  0  0  0/0     9:07   0:00   0:00 
Erik Haula               0  0  0  -3  0   2  1  0  1  0  7/11   17:13   0:54   0:00 
Frans Nielsen            0  1  1   1  0   2  4  0  0  0  20/34  20:10   1:00   0:00 
Haydn Fleury             0  0  0   0  0   0  1  0  0  0  0/0    14:38   1:02   0:00 
Jake McCabe              0  0  0   0  0   0  1  2  0  0  0/0    14:38   1:02   0:00 
Jarome Iginla            0  0  0   0  0   0  4  0  1  1  0/0    13:51   0:05   0:00 
Jason Garrison           1  0  1  -2  0   2  6  1  0  2  0/0    20:08   0:00   0:00 
Luca Sbisa               0  0  0  -2  0   2  0  3  1  2  0/0    20:08   0:00   0:00 
Matt Hendricks           0  0  0   0  0   1  0  0  1  1  0/1    10:11   0:05   0:00 
Michael Cammalleri       0  0  0  -3  0   2  1  1  1  0  0/0    17:03   0:54   0:00 
Nikita Zaitsev           0  0  0   0  0   1  3  1  0  0  0/0    25:14   0:57   0:00 
Ryan Spooner             0  0  0   0  0   1  2  0  2  0  0/0    12:13   0:00   0:00 
Tanner Pearson           0  0  0   1  0   3  1  0  1  1  1/2    19:24   1:00   0:00 
Viktor Arvidsson         1  0  1   1  0   7  1  0  1  1  0/1    20:10   1:00   0:00 

3 Stars

1 - Paul Byron (NYR)
2 - Esa Lindell (NYR)
3 - Kyle Connor (NYR)

Power Play

Rangers - 0 on 0 Attempt(s) - 0,00%
Senateurs - 0 on 1 Attempt(s) - 0,00%

Penalty Kill

Rangers - 1 on 1 Attempt(s) - 100,00% - Score 0 goal in Penalty Kill
Senateurs - 0 on 0 Attempt(s) - 0,00% - Score 0 goal in Penalty Kill

Team Stat

Rangers - Hits : 13 - Faceoff Wins : 28 - Blocked Shots : 7 - Penalty Minutes : 2
Senateurs - Hits : 28 - Faceoff Wins : 31 - Blocked Shots : 10 - Penalty Minutes : 0

Official

Referees : Gord Dwyer and Marc Joannette
Linesman : Jay Sharrers and Derek Nansen

Game Notes

No Game Note

Finance

Level 1 -- Attendance: 5617 (93,62%) -- Ticket Income 505 530 $
Level 2 -- Attendance: 4358 (87,16%) -- Ticket Income 239 690 $
Level 3 -- Attendance: 1763 (88,15%) -- Ticket Income 58 179 $
Level 4 -- Attendance: 4000 (100,00%) -- Ticket Income 72 000 $
Luxury Box -- Attendance: 916 (91,60%) -- Ticket Income 164 880 $
Game was played at the Place Banque Scottia.
Total Attendance: 16654 (92,52%)
Total Ticket Income: 1 040 279 $
Other Income: 509 737 $
Total Income: 1 550 016 $

Rangers

5 vs 5 Forward 
   Center                   Left Wing                Right Wing               Time % Phy DF OF 
 1 Matt Duchene             Artemi Panarin           Brayden Schenn           36     0   2  3  
 2 Jason Spezza             Kyle Connor              Justin Williams          34     0   2  3  
 3 Torrey Mitchell          Paul Byron               Tobias Rieder            22     0   3  2  
 4 Ben Smith                Johan Larsson            Anton Lander             8      0   4  1  

5 vs 5 Defense 
   Defense                  Defense                                           Time % Phy DF OF 
 1 Zdeno Chara              Matt Niskanen                                     42     1   2  2  
 2 Esa Lindell              Ron Hainsey                                       38     1   2  2  
 3 Christian Folin          Clayton Stoner                                    20     1   2  2  
 4 Christian Folin          Clayton Stoner                                    0      1   2  2  

PowerPlay Forward 
   Center                   Left Wing                Right Wing               Time % Phy DF OF 
 1 Matt Duchene             Artemi Panarin           Brayden Schenn           60     0   1  4  
 2 Jason Spezza             Kyle Connor              Justin Williams          40     0   1  4  

PowerPlay Defense
   Defense                  Defense                                           Time % Phy DF OF 
 1 Matt Niskanen            Ron Hainsey                                       60     0   1  4  
 2 Esa Lindell              Zdeno Chara                                       40     0   1  4  

Penalty Kill 4 Players Forward 
   Center                   Wing                     Time % Phy DF OF 
 1 Ben Smith                Johan Larsson            60     0   5  0  
 2 Torrey Mitchell          Anton Lander             40     0   5  0  

Penalty Kill 4 Players Defense
   Defense                  Defense                  Time % Phy DF OF 
 1 Esa Lindell              Zdeno Chara              60     0   5  0  
 2 Matt Niskanen            Ron Hainsey              40     0   5  0  

Penalty Kill - 3 Players Forward 
   Forward                                           Time % Phy DF OF 
 1 Ben Smith                                         60     0   5  0  
 2 Torrey Mitchell                                   40     0   5  0  

Penalty Kill - 3 Players Defense
   Defense                  Defense                  Time % Phy DF OF 
 1 Zdeno Chara              Esa Lindell              60     0   5  0  
 2 Matt Niskanen            Ron Hainsey              40     0   5  0  

4 vs 4 Forward 
   Center                   Wing                     Time % Phy DF OF 
 1 Torrey Mitchell          Tobias Rieder            60     0   3  2  
 2 Ben Smith                Johan Larsson            40     0   3  2  

4 vs 4 Defense
   Defense                  Defense                  Time % Phy DF OF 
 1 Ron Hainsey              Zdeno Chara              60     0   3  2  
 2 Esa Lindell              Matt Niskanen            40     0   3  2  

Last Minutes Offensive
   Center                   Left Wing                Right Wing               Defense                  Defense                  
   Matt Duchene             Artemi Panarin           Brayden Schenn           Matt Niskanen            Esa Lindell              

Last Minutes Defensive
   Center                   Left Wing                Right Wing               Defense                  Defense                  
   Matt Duchene             Johan Larsson            Ben Smith                Zdeno Chara              Ron Hainsey              

Goaltenders
Starting : Henrik Lundqvist         
Backup : Philipp Grubauer         

Extra Forwards
Normal : Torrey Mitchell, Kyle Connor, Jason Spezza - PP : Brayden Schenn, Kyle Connor - PK : Ben Smith
Extra Defensemen
Normal : Zdeno Chara, Esa Lindell, Matt Niskanen - PP : Esa Lindell - PK : Esa Lindell, Ron Hainsey
Penalty Shots
Artemi Panarin, Jason Spezza, Paul Byron, Matt Duchene, Ben Smith
Custom OT Lines Forwards
Ben Smith, Jason Spezza, Kyle Connor, Torrey Mitchell, Artemi Panarin, Johan Larsson, Justin Williams, Matt Duchene, Brayden Schenn, Paul Byron
Custom OT Lines Defensemen
Matt Niskanen, Zdeno Chara, Ron Hainsey, Esa Lindell, Christian Folin

Scratches
Chris Stewart (Healthy), Viktor Stalberg (Healthy)

Senateurs

5 vs 5 Forward 
   Center                   Left Wing                Right Wing               Time % Phy DF OF 
 1 Frans Nielsen            Viktor Arvidsson         Tanner Pearson           35     1   2  2  
 2 Erik Haula               Michael Cammalleri       Dustin Brown             28     1   2  2  
 3 Chandler Stephenson      Ryan Spooner             Jarome Iginla            22     1   2  2  
 4 Matt Hendricks           Dwight King              Alexandre Burrows        15     1   2  2  

5 vs 5 Defense 
   Defense                  Defense                                           Time % Phy DF OF 
 1 Dougie Hamilton          Nikita Zaitsev                                    37     1   2  2  
 2 Jason Garrison           Luca Sbisa                                        34     1   2  2  
 3 Jake McCabe              Haydn Fleury                                      21     1   2  2  
 4 Dougie Hamilton          Nikita Zaitsev                                    8      1   2  2  

PowerPlay Forward 
   Center                   Left Wing                Right Wing               Time % Phy DF OF 
 1 Frans Nielsen            Viktor Arvidsson         Tanner Pearson           60     1   2  2  
 2 Erik Haula               Michael Cammalleri       Dustin Brown             40     1   2  2  

PowerPlay Defense
   Defense                  Defense                                           Time % Phy DF OF 
 1 Dougie Hamilton          Nikita Zaitsev                                    60     1   2  2  
 2 Jake McCabe              Haydn Fleury                                      40     1   2  2  

Penalty Kill 4 Players Forward 
   Center                   Wing                     Time % Phy DF OF 
 1 Matt Hendricks           Dustin Brown             60     0   2  2  
 2 Frans Nielsen            Alexandre Burrows        40     1   2  2  

Penalty Kill 4 Players Defense
   Defense                  Defense                  Time % Phy DF OF 
 1 Jason Garrison           Luca Sbisa               60     1   2  2  
 2 Dougie Hamilton          Nikita Zaitsev           40     1   2  2  

Penalty Kill - 3 Players Forward 
   Forward                                           Time % Phy DF OF 
 1 Frans Nielsen                                     60     1   2  2  
 2 Erik Haula                                        40     1   2  2  

Penalty Kill - 3 Players Defense
   Defense                  Defense                  Time % Phy DF OF 
 1 Jason Garrison           Luca Sbisa               60     1   2  2  
 2 Dougie Hamilton          Nikita Zaitsev           40     1   2  2  

4 vs 4 Forward 
   Center                   Wing                     Time % Phy DF OF 
 1 Frans Nielsen            Viktor Arvidsson         60     1   2  2  
 2 Erik Haula               Michael Cammalleri       40     1   2  2  

4 vs 4 Defense
   Defense                  Defense                  Time % Phy DF OF 
 1 Dougie Hamilton          Nikita Zaitsev           60     1   2  2  
 2 Jason Garrison           Luca Sbisa               40     1   2  2  

Last Minutes Offensive
   Center                   Left Wing                Right Wing               Defense                  Defense                  
   Frans Nielsen            Viktor Arvidsson         Tanner Pearson           Dougie Hamilton          Nikita Zaitsev           

Last Minutes Defensive
   Center                   Left Wing                Right Wing               Defense                  Defense                  
   Matt Hendricks           Alexandre Burrows        Dustin Brown             Jason Garrison           Luca Sbisa               

Goaltenders
Starting : Jaroslav Halak           
Backup : Mike Smith               

Extra Forwards
Normal : Viktor Arvidsson, Frans Nielsen, Michael Cammalleri - PP : Viktor Arvidsson, Frans Nielsen - PK : Matt Hendricks
Extra Defensemen
Normal : Dougie Hamilton, Nikita Zaitsev, Luca Sbisa - PP : Dougie Hamilton - PK : Nikita Zaitsev, Jason Garrison
Penalty Shots
Frans Nielsen, Matt Hendricks, Dwight King, Alexandre Burrows, Michael Cammalleri
Custom OT Lines Forwards
Frans Nielsen, Dustin Brown, Tanner Pearson, Michael Cammalleri, Viktor Arvidsson, Ryan Spooner, Erik Haula, Chandler Stephenson, Jarome Iginla, Alexandre Burrows
Custom OT Lines Defensemen
Dougie Hamilton, Nikita Zaitsev, Jason Garrison, Luca Sbisa, Jake McCabe

Scratches
Jeff Schultz (Healthy), Devin Shore (Healthy), Tyler Ennis (Healthy)

% Time on Ice - Rangers

Lines # - Real PCT - Wanted PCT - Time Play
Normal Forward
1 - 33% - 36% - 19:20
2 - 34% - 34% - 19:27
3 - 21% - 22% - 12:12
4 - 12% - 8% - 7:02
Normal Defense
1 - 39% - 42% - 22:47
2 - 36% - 38% - 21:03
3 - 22% - 20% - 12:42
4 - 3% - 0% - 1:29
PP Forward
1 - 0% - 60%
2 - 0% - 40%
PP Defense
1 - 0% - 60%
2 - 0% - 40%
PK Forward
1 - 75% - 60% - 1:29
2 - 25% - 40% - 0:30
PK Defense
1 - 67% - 60% - 1:20
2 - 33% - 40% - 0:39
PK3 Forward
1 - 0% - 60%
2 - 0% - 40%
PK3 Defense
1 - 0% - 60%
2 - 0% - 40%
44 Forward
1 - 0% - 60%
2 - 0% - 40%
44 Defense
1 - 0% - 60%
2 - 0% - 40%
Last Minute Offensive  - 0:00
Last Minute Defensive  - 0:00
Total
Forward - 60:00
Defense - 60:00

% Time on Ice - Senateurs

Lines # - Real PCT - Wanted PCT - Time Play
Normal Forward
1 - 33% - 35% - 18:57
2 - 32% - 28% - 18:38
3 - 21% - 22% - 12:10
4 - 14% - 15% - 8:16
Normal Defense
1 - 36% - 37% - 20:53
2 - 36% - 34% - 20:38
3 - 23% - 21% - 13:06
4 - 6% - 8% - 3:24
PP Forward
1 - 55% - 60% - 1:05
2 - 45% - 40% - 0:54
PP Defense
1 - 48% - 60% - 0:57
2 - 52% - 40% - 1:02
PK Forward
1 - 0% - 60%
2 - 0% - 40%
PK Defense
1 - 0% - 60%
2 - 0% - 40%
PK3 Forward
1 - 0% - 60%
2 - 0% - 40%
PK3 Defense
1 - 0% - 60%
2 - 0% - 40%
44 Forward
1 - 0% - 60%
2 - 0% - 40%
44 Defense
1 - 0% - 60%
2 - 0% - 40%
Last Minute Offensive  - 0:00
Last Minute Defensive  - 0:00
Total
Forward - 60:00
Defense - 60:00

Play by Play

1st period


0:01 of 1st period - Matt Duchene wins face-off versus Frans Nielsen in neutral zone.
0:04 of 1st period - Viktor Arvidsson is hit by Zdeno Chara and loses puck.
0:13 of 1st period - Zdeno Chara is hit by Frans Nielsen and loses puck.
0:38 of 1st period - Wrist shot by Kyle Connor.
0:38 of 1st period - Stopped by Jaroslav Halak without a rebound.
0:39 of 1st period - Chandler Stephenson wins face-off versus Paul Byron in Senateurs zone.
0:46 of 1st period - Wrist shot by Paul Byron.
0:46 of 1st period - Shot Blocked by Luca Sbisa.
0:48 of 1st period - Wrist shot by Paul Byron.
0:48 of 1st period - Shot Misses the Net.
0:50 of 1st period - Slapshot by Ron Hainsey.
0:50 of 1st period - Shot Misses the Net.
0:52 of 1st period - Wrist shot by Paul Byron.
0:52 of 1st period - Shot Misses the Net.
1:06 of 1st period - Anton Lander is hit by Jason Garrison and loses puck.
1:29 of 1st period - Slapshot by Kyle Connor.
1:29 of 1st period - Stopped by Jaroslav Halak without a rebound.
1:30 of 1st period - Jason Spezza wins face-off versus Tanner Pearson in Senateurs zone.
1:33 of 1st period - Snap shot by Kyle Connor.
1:33 of 1st period - Stopped by Jaroslav Halak with a rebound.
1:49 of 1st period - Wrist shot by Viktor Arvidsson.
1:49 of 1st period - Stopped by Henrik Lundqvist with a rebound.
1:51 of 1st period - Wrist shot by Viktor Arvidsson.
1:51 of 1st period - Stopped by Henrik Lundqvist with a rebound.
1:53 of 1st period - Slapshot by Frans Nielsen.
1:53 of 1st period - Stopped by Henrik Lundqvist without a rebound.
1:54 of 1st period - Matt Duchene wins face-off versus Dustin Brown in Rangers zone.
2:09 of 1st period - Slapshot by Artemi Panarin.
2:09 of 1st period - Stopped by Jaroslav Halak without a rebound.
2:10 of 1st period - Torrey Mitchell wins face-off versus Chandler Stephenson in Senateurs zone.
2:36 of 1st period - Matt Duchene is hit by Nikita Zaitsev and loses puck.
3:07 of 1st period - Wrist shot by Jason Spezza.
3:07 of 1st period - Stopped by Jaroslav Halak with a rebound.
3:09 of 1st period - Slapshot by Zdeno Chara.
3:09 of 1st period - Shot Blocked by Dougie Hamilton.
3:11 of 1st period - Snap shot by Justin Williams.
3:11 of 1st period - Stopped by Jaroslav Halak without a rebound.
3:12 of 1st period - Frans Nielsen wins face-off versus Torrey Mitchell in Senateurs zone.
3:17 of 1st period - Snap shot by Viktor Arvidsson.
3:17 of 1st period - Shot Misses the Net.
3:19 of 1st period - Slapshot by Frans Nielsen.
3:19 of 1st period - Stopped by Henrik Lundqvist without a rebound.
3:20 of 1st period - Tanner Pearson wins face-off versus Torrey Mitchell in Rangers zone.
3:25 of 1st period - Snap shot by Viktor Arvidsson.
3:25 of 1st period - Stopped by Henrik Lundqvist without a rebound.
3:26 of 1st period - Erik Haula wins face-off versus Artemi Panarin in Rangers zone.
3:27 of 1st period - Slapshot by Michael Cammalleri.
3:27 of 1st period - Shot Blocked by Esa Lindell.
6:26 of 1st period - Snap shot by Torrey Mitchell.
6:26 of 1st period - Stopped by Jaroslav Halak with a rebound.
6:28 of 1st period - Slapshot by Ron Hainsey.
6:28 of 1st period - Stopped by Jaroslav Halak with a rebound.
6:46 of 1st period - Slapshot by Paul Byron.
6:46 of 1st period - Shot Misses the Net.
6:48 of 1st period - Slapshot by Esa Lindell.
6:48 of 1st period - Deflect By Torrey Mitchell.
6:48 of 1st period - Shot Misses the Net.
6:48 of 1st period - Puck is out of play.
6:49 of 1st period - Matt Duchene wins face-off versus Erik Haula in Senateurs zone.
7:16 of 1st period - Luca Sbisa is hit by Zdeno Chara.
7:24 of 1st period - Kyle Connor is hit by Jason Garrison and loses puck.
7:45 of 1st period - Wrist shot by Johan Larsson.
7:45 of 1st period - Stopped by Jaroslav Halak without a rebound.
7:46 of 1st period - Frans Nielsen wins face-off versus Matt Duchene in Senateurs zone.
8:21 of 1st period - Snap shot by Justin Williams.
8:21 of 1st period - Stopped by Jaroslav Halak with a rebound.
9:32 of 1st period - Brayden Schenn is hit by Jason Garrison and loses puck.
9:51 of 1st period - Slapshot by Artemi Panarin.
9:51 of 1st period - Stopped by Jaroslav Halak with a rebound.
9:57 of 1st period - Kyle Connor is hit by Ryan Spooner and loses puck.
10:08 of 1st period - Christian Folin is hit by Viktor Arvidsson and loses puck.
10:49 of 1st period - Snap shot by Kyle Connor.
10:49 of 1st period - Shot Misses the Net.
10:57 of 1st period - Wrist shot by Justin Williams.
10:57 of 1st period - Stopped by Jaroslav Halak with a rebound.
11:10 of 1st period - Off-side.
11:11 of 1st period - Frans Nielsen wins face-off versus Matt Duchene in neutral zone.
11:26 of 1st period - Snap shot by Frans Nielsen.
11:26 of 1st period - Shot Misses the Net.
11:38 of 1st period - Jarome Iginla is hit by Torrey Mitchell and loses puck.
12:09 of 1st period - Snap shot by Anton Lander.
12:09 of 1st period - Stopped by Jaroslav Halak without a rebound.
12:10 of 1st period - Frans Nielsen wins face-off versus Ben Smith in Senateurs zone.
12:14 of 1st period - Off-side.
12:15 of 1st period - Matt Duchene wins face-off versus Frans Nielsen in neutral zone.
12:54 of 1st period - Snap shot by Kyle Connor.
12:54 of 1st period - Shot Misses the Net.
13:37 of 1st period - Slapshot by Ryan Spooner.
13:37 of 1st period - Shot Blocked by Matt Duchene.
14:19 of 1st period - Slapshot by Anton Lander.
14:19 of 1st period - Stopped by Jaroslav Halak with a rebound.
14:21 of 1st period - Wrist shot by Christian Folin.
14:21 of 1st period - Shot Blocked by Jason Garrison.
16:08 of 1st period - Nikita Zaitsev is hit by Artemi Panarin and loses puck.
16:27 of 1st period - Slapshot by Dwight King.
16:27 of 1st period - Stopped by Henrik Lundqvist without a rebound.
16:28 of 1st period - Jason Spezza wins face-off versus Matt Hendricks in Rangers zone.
16:55 of 1st period - Zdeno Chara is hit by Haydn Fleury.
17:03 of 1st period - Esa Lindell is hit by Dustin Brown and loses puck.
17:47 of 1st period - Icing by Ron Hainsey.
17:48 of 1st period - Erik Haula wins face-off versus Artemi Panarin in Rangers zone.
18:52 of 1st period - Johan Larsson is hit by Alexandre Burrows and loses puck.
19:05 of 1st period - Snap shot by Matt Hendricks.
19:05 of 1st period - Shot Hit the Post.
19:15 of 1st period - Slapshot by Matt Niskanen.
19:15 of 1st period - Shot Blocked by Luca Sbisa.
19:41 of 1st period - Slapshot by Kyle Connor.
19:41 of 1st period - Stopped by Jaroslav Halak without a rebound.
19:42 of 1st period - Erik Haula wins face-off versus Jason Spezza in Senateurs zone.
19:55 of 1st period - Wrist shot by Erik Haula.
19:55 of 1st period - Stopped by Henrik Lundqvist with a rebound.
Goals for this period are 0 for Rangers vs 0 for Senateurs.
Shots for this period are 15 for Rangers vs 7 for Senateurs.

2nd period


0:01 of 2nd period - Frans Nielsen wins face-off versus Matt Duchene in neutral zone.
0:04 of 2nd period - Slapshot by Viktor Arvidsson.
0:04 of 2nd period - Deflect By Frans Nielsen.
0:04 of 2nd period - Shot Misses the Net.
0:04 of 2nd period - Puck is out of play.
0:05 of 2nd period - Frans Nielsen wins face-off versus Matt Duchene in Rangers zone.
0:10 of 2nd period - Slapshot by Frans Nielsen.
0:10 of 2nd period - Deflect By Matt Duchene.
0:10 of 2nd period - Shot Blocked by Matt Duchene.
0:10 of 2nd period - Puck is out of play.
0:11 of 2nd period - Frans Nielsen wins face-off versus Matt Duchene in Rangers zone.
0:12 of 2nd period - Snap shot by Viktor Arvidsson.
0:12 of 2nd period - Goal by Viktor Arvidsson - Rangers : 0 - Senateurs : 1.
0:13 of 2nd period - Frans Nielsen wins face-off versus Matt Duchene in neutral zone.
0:24 of 2nd period - Snap shot by Artemi Panarin.
0:24 of 2nd period - Stopped by Jaroslav Halak without a rebound.
0:25 of 2nd period - Erik Haula wins face-off versus Jason Spezza in Senateurs zone.
0:51 of 2nd period - Artemi Panarin is hit by Nikita Zaitsev and loses puck.
1:02 of 2nd period - Slapshot by Tanner Pearson.
1:02 of 2nd period - Stopped by Henrik Lundqvist without a rebound.
1:03 of 2nd period - Jason Spezza wins face-off versus Chandler Stephenson in Rangers zone.
1:03 of 2nd period - Jason Spezza is hit by Chandler Stephenson.
1:51 of 2nd period - Wrist shot by Dwight King.
1:51 of 2nd period - Shot Blocked by Paul Byron.
1:59 of 2nd period - Slapshot by Matt Hendricks.
1:59 of 2nd period - Stopped by Henrik Lundqvist with a rebound.
2:01 of 2nd period - Slapshot by Dougie Hamilton.
2:01 of 2nd period - Shot Blocked by Esa Lindell.
2:03 of 2nd period - Slapshot by Nikita Zaitsev.
2:03 of 2nd period - Stopped by Henrik Lundqvist without a rebound.
2:04 of 2nd period - Jason Spezza wins face-off versus Erik Haula in Rangers zone.
2:04 of 2nd period - Jason Spezza is hit by Jason Garrison.
2:18 of 2nd period - Slapshot by Michael Cammalleri.
2:18 of 2nd period - Shot Misses the Net.
2:20 of 2nd period - Snap shot by Luca Sbisa.
2:20 of 2nd period - Stopped by Henrik Lundqvist without a rebound.
2:21 of 2nd period - Matt Duchene wins face-off versus Frans Nielsen in Rangers zone.
2:21 of 2nd period - Matt Duchene is hit by Tanner Pearson.
2:51 of 2nd period - Wrist shot by Michael Cammalleri.
2:51 of 2nd period - Stopped by Henrik Lundqvist without a rebound.
2:52 of 2nd period - Jason Spezza wins face-off versus Erik Haula in Rangers zone.
2:58 of 2nd period - Slapshot by Esa Lindell.
2:58 of 2nd period - Goal by Esa Lindell - Rangers : 1 - Senateurs : 1.
2:59 of 2nd period - Matt Duchene wins face-off versus Viktor Arvidsson in neutral zone.
3:06 of 2nd period - Matt Duchene is hit by Frans Nielsen and loses puck.
3:12 of 2nd period - Zdeno Chara is hit by Nikita Zaitsev and loses puck.
4:21 of 2nd period - Snap shot by Dustin Brown.
4:21 of 2nd period - Stopped by Henrik Lundqvist with a rebound.
4:23 of 2nd period - Wrist shot by Dustin Brown.
4:23 of 2nd period - Stopped by Henrik Lundqvist without a rebound.
4:24 of 2nd period - Matt Duchene wins face-off versus Chandler Stephenson in Rangers zone.
4:39 of 2nd period - Snap shot by Matt Duchene.
4:39 of 2nd period - Deflect By Brayden Schenn.
4:39 of 2nd period - Shot Misses the Net.
4:39 of 2nd period - Puck is out of play.
4:40 of 2nd period - Frans Nielsen wins face-off versus Torrey Mitchell in Senateurs zone.
4:55 of 2nd period - Wrist shot by Viktor Arvidsson.
4:55 of 2nd period - Shot Misses the Net.
5:12 of 2nd period - Snap shot by Torrey Mitchell.
5:12 of 2nd period - Shot Misses the Net.
5:36 of 2nd period - Slapshot by Matt Duchene.
5:36 of 2nd period - Shot Blocked by Jake McCabe.
5:50 of 2nd period - Wrist shot by Kyle Connor.
5:50 of 2nd period - Shot Misses the Net.
5:52 of 2nd period - Wrist shot by Esa Lindell.
5:52 of 2nd period - Stopped by Jaroslav Halak without a rebound.
5:53 of 2nd period - Jason Spezza wins face-off versus Frans Nielsen in Senateurs zone.
6:02 of 2nd period - Wrist shot by Kyle Connor.
6:02 of 2nd period - Stopped by Jaroslav Halak without a rebound.
6:03 of 2nd period - Brayden Schenn wins face-off versus Frans Nielsen in Senateurs zone.
6:56 of 2nd period - Snap shot by Paul Byron.
6:56 of 2nd period - Goal by Paul Byron - Rangers : 2 - Senateurs : 1.
6:57 of 2nd period - Frans Nielsen wins face-off versus Matt Duchene in neutral zone.
6:59 of 2nd period - Off-side.
7:00 of 2nd period - Matt Duchene wins face-off versus Frans Nielsen in neutral zone.
7:34 of 2nd period - Snap shot by Kyle Connor.
7:34 of 2nd period - Goal by Kyle Connor - Rangers : 3 - Senateurs : 1.
7:35 of 2nd period - Matt Duchene wins face-off versus Frans Nielsen in neutral zone.
7:40 of 2nd period - Snap shot by Artemi Panarin.
7:40 of 2nd period - Shot Misses the Net.
7:46 of 2nd period - Snap shot by Brayden Schenn.
7:46 of 2nd period - Stopped by Jaroslav Halak without a rebound.
7:47 of 2nd period - Chandler Stephenson wins face-off versus Artemi Panarin in Senateurs zone.
8:04 of 2nd period - Matt Niskanen is hit by Jarome Iginla.
8:39 of 2nd period - Wrist shot by Kyle Connor.
8:39 of 2nd period - Stopped by Jaroslav Halak without a rebound.
8:40 of 2nd period - Erik Haula wins face-off versus Jason Spezza in Senateurs zone.
9:07 of 2nd period - Icing by Viktor Arvidsson.
9:08 of 2nd period - Frans Nielsen wins face-off versus Matt Duchene in Senateurs zone.
9:21 of 2nd period - Wrist shot by Tanner Pearson.
9:21 of 2nd period - Stopped by Henrik Lundqvist with a rebound.
9:23 of 2nd period - Wrist shot by Jason Garrison.
9:23 of 2nd period - Shot Misses the Net.
9:25 of 2nd period - Wrist shot by Viktor Arvidsson.
9:25 of 2nd period - Stopped by Henrik Lundqvist without a rebound.
9:26 of 2nd period - Torrey Mitchell wins face-off versus Chandler Stephenson in Rangers zone.
9:31 of 2nd period - Snap shot by Paul Byron.
9:31 of 2nd period - Shot Misses the Net.
9:37 of 2nd period - Tobias Rieder is hit by Jarome Iginla and loses puck.
9:52 of 2nd period - Justin Williams is hit by Jake McCabe and loses puck.
9:57 of 2nd period - Slapshot by Michael Cammalleri.
9:57 of 2nd period - Shot Misses the Net.
9:59 of 2nd period - Snap shot by Michael Cammalleri.
9:59 of 2nd period - Stopped by Henrik Lundqvist without a rebound.
10:00 of 2nd period - Frans Nielsen wins face-off versus Matt Duchene in Rangers zone.
10:07 of 2nd period - Snap shot by Viktor Arvidsson.
10:07 of 2nd period - Shot Misses the Net.
11:17 of 2nd period - Snap shot by Alexandre Burrows.
11:17 of 2nd period - Shot Misses the Net.
11:19 of 2nd period - Slapshot by Jason Garrison.
11:19 of 2nd period - Goal by Jason Garrison - Rangers : 3 - Senateurs : 2.
11:20 of 2nd period - Matt Duchene wins face-off versus Frans Nielsen in neutral zone.
11:25 of 2nd period - Wrist shot by Brayden Schenn.
11:25 of 2nd period - Shot Misses the Net.
11:32 of 2nd period - Slapshot by Esa Lindell.
11:32 of 2nd period - Shot Misses the Net.
11:34 of 2nd period - Slapshot by Ron Hainsey.
11:34 of 2nd period - Shot Misses the Net.
11:36 of 2nd period - Slapshot by Esa Lindell.
11:36 of 2nd period - Shot Blocked by Luca Sbisa.
11:46 of 2nd period - Justin Williams is hit by Erik Haula and loses puck.
12:31 of 2nd period - Slapshot by Anton Lander.
12:31 of 2nd period - Shot Blocked by Jake McCabe.
14:58 of 2nd period - Off-side.
14:59 of 2nd period - Frans Nielsen wins face-off versus Torrey Mitchell in neutral zone.
15:04 of 2nd period - Wrist shot by Tanner Pearson.
15:04 of 2nd period - Stopped by Henrik Lundqvist with a rebound.
15:45 of 2nd period - Backhand shot by Tobias Rieder.
15:45 of 2nd period - Shot Misses the Net.
15:47 of 2nd period - Wrist shot by Tobias Rieder.
15:47 of 2nd period - Stopped by Jaroslav Halak with a rebound.
15:49 of 2nd period - Snap shot by Paul Byron.
15:49 of 2nd period - Stopped by Jaroslav Halak with a rebound.
16:05 of 2nd period - Snap shot by Paul Byron.
16:05 of 2nd period - Goal by Paul Byron - Rangers : 4 - Senateurs : 2.
16:06 of 2nd period - Matt Duchene wins face-off versus Frans Nielsen in neutral zone.
16:31 of 2nd period - Artemi Panarin is hit by Jarome Iginla and loses puck.
17:40 of 2nd period - Slapshot by Ron Hainsey.
17:40 of 2nd period - Shot Blocked by Nikita Zaitsev.
18:14 of 2nd period - Christian Folin is hit by Ryan Spooner and loses puck.
18:18 of 2nd period - Icing by Christian Folin.
18:19 of 2nd period - Jason Spezza wins face-off versus Frans Nielsen in Rangers zone.
18:19 of 2nd period - Jason Spezza is hit by Frans Nielsen.
Goals for this period are 4 for Rangers vs 2 for Senateurs.
Shots for this period are 11 for Rangers vs 13 for Senateurs.

3rd period


0:01 of 3rd period - Frans Nielsen wins face-off versus Matt Duchene in neutral zone.
0:11 of 3rd period - Wrist shot by Viktor Arvidsson.
0:11 of 3rd period - Shot Misses the Net.
0:13 of 3rd period - Wrist shot by Viktor Arvidsson.
0:13 of 3rd period - Stopped by Henrik Lundqvist without a rebound.
0:14 of 3rd period - Erik Haula wins face-off versus Jason Spezza in Rangers zone.
0:29 of 3rd period - Snap shot by Erik Haula.
0:29 of 3rd period - Stopped by Henrik Lundqvist with a rebound.
0:41 of 3rd period - Icing by Jason Spezza.
0:42 of 3rd period - Chandler Stephenson wins face-off versus Jason Spezza in Rangers zone.
0:43 of 3rd period - Slapshot by Ryan Spooner.
0:43 of 3rd period - Shot Hit the Post.
1:16 of 3rd period - Snap shot by Frans Nielsen.
1:16 of 3rd period - Shot Blocked by Matt Niskanen.
1:18 of 3rd period - Slapshot by Tanner Pearson.
1:18 of 3rd period - Shot Misses the Net.
1:48 of 3rd period - Johan Larsson is hit by Jason Garrison and loses puck.
1:59 of 3rd period - Slapshot by Matt Niskanen.
1:59 of 3rd period - Stopped by Jaroslav Halak with a rebound.
2:29 of 3rd period - Tanner Pearson is hit by Kyle Connor and loses puck.
3:04 of 3rd period - Icing by Erik Haula.
3:05 of 3rd period - Ben Smith wins face-off versus Erik Haula in Senateurs zone.
3:14 of 3rd period - Wrist shot by Dustin Brown.
3:14 of 3rd period - Stopped by Henrik Lundqvist without a rebound.
3:15 of 3rd period - Matt Duchene wins face-off versus Frans Nielsen in Rangers zone.
3:15 of 3rd period - Matt Duchene is hit by Jason Garrison.
3:25 of 3rd period - Viktor Arvidsson is hit by Brayden Schenn and loses puck.
3:48 of 3rd period - Slapshot by Chandler Stephenson.
3:48 of 3rd period - Shot Misses the Net.
4:02 of 3rd period - Snap shot by Artemi Panarin.
4:02 of 3rd period - Stopped by Jaroslav Halak with a rebound.
4:10 of 3rd period - Slapshot by Artemi Panarin.
4:10 of 3rd period - Stopped by Jaroslav Halak without a rebound.
4:11 of 3rd period - Frans Nielsen wins face-off versus Jason Spezza in Senateurs zone.
4:59 of 3rd period - Wrist shot by Ben Smith.
4:59 of 3rd period - Stopped by Jaroslav Halak with a rebound.
5:01 of 3rd period - Wrist shot by Ben Smith.
5:01 of 3rd period - Shot Misses the Net.
5:03 of 3rd period - Slapshot by Ron Hainsey.
5:03 of 3rd period - Stopped by Jaroslav Halak with a rebound.
5:20 of 3rd period - Jarome Iginla is hit by Zdeno Chara and loses puck.
5:39 of 3rd period - Frans Nielsen is hit by Matt Niskanen and loses puck.
5:54 of 3rd period - Snap shot by Tobias Rieder.
5:54 of 3rd period - Shot Misses the Net.
5:56 of 3rd period - Snap shot by Tobias Rieder.
5:56 of 3rd period - Stopped by Jaroslav Halak without a rebound.
5:57 of 3rd period - Jason Spezza wins face-off versus Frans Nielsen in Senateurs zone.
7:03 of 3rd period - Christian Folin is hit by Jarome Iginla.
7:07 of 3rd period - Snap shot by Ryan Spooner.
7:07 of 3rd period - Stopped by Henrik Lundqvist without a rebound.
7:08 of 3rd period - Jason Spezza wins face-off versus Chandler Stephenson in Rangers zone.
7:21 of 3rd period - Slapshot by Kyle Connor.
7:21 of 3rd period - Stopped by Jaroslav Halak with a rebound.
7:52 of 3rd period - Off-side.
7:53 of 3rd period - Erik Haula wins face-off versus Torrey Mitchell in neutral zone.
8:02 of 3rd period - Wrist shot by Erik Haula.
8:02 of 3rd period - Shot Blocked by Esa Lindell.
8:28 of 3rd period - Wrist shot by Alexandre Burrows.
8:28 of 3rd period - Stopped by Henrik Lundqvist without a rebound.
8:29 of 3rd period - Frans Nielsen wins face-off versus Jason Spezza in Rangers zone.
8:33 of 3rd period - Slapshot by Viktor Arvidsson.
8:33 of 3rd period - Stopped by Henrik Lundqvist without a rebound.
8:34 of 3rd period - Frans Nielsen wins face-off versus Jason Spezza in Rangers zone.
9:01 of 3rd period - Wrist shot by Brayden Schenn.
9:01 of 3rd period - Shot Blocked by Dustin Brown.
9:11 of 3rd period - Wrist shot by Brayden Schenn.
9:11 of 3rd period - Stopped by Jaroslav Halak without a rebound.
9:12 of 3rd period - Torrey Mitchell wins face-off versus Frans Nielsen in Senateurs zone.
9:17 of 3rd period - Wrist shot by Tobias Rieder.
9:17 of 3rd period - Shot Misses the Net.
9:52 of 3rd period - Snap shot by Paul Byron.
9:52 of 3rd period - Stopped by Jaroslav Halak without a rebound.
9:53 of 3rd period - Matt Duchene wins face-off versus Frans Nielsen in Senateurs zone.
10:06 of 3rd period - Snap shot by Dougie Hamilton.
10:06 of 3rd period - Stopped by Henrik Lundqvist with a rebound.
10:08 of 3rd period - Slapshot by Dougie Hamilton.
10:08 of 3rd period - Stopped by Henrik Lundqvist with a rebound.
10:20 of 3rd period - Michael Cammalleri is hit by Matt Niskanen and loses puck.
10:25 of 3rd period - Backhand shot by Jason Spezza.
10:25 of 3rd period - Deflect By Kyle Connor.
10:25 of 3rd period - Shot Blocked by Michael Cammalleri.
10:25 of 3rd period - Puck is out of play.
10:26 of 3rd period - Frans Nielsen wins face-off versus Jason Spezza in Senateurs zone.
10:31 of 3rd period - Slapshot by Luca Sbisa.
10:31 of 3rd period - Deflect By Jason Spezza.
10:31 of 3rd period - Stopped by Henrik Lundqvist with a rebound.
10:55 of 3rd period - Off-side.
10:56 of 3rd period - Matt Duchene wins face-off versus Dustin Brown in neutral zone.
11:15 of 3rd period - Snap shot by Dustin Brown.
11:15 of 3rd period - Stopped by Henrik Lundqvist without a rebound.
11:16 of 3rd period - Frans Nielsen wins face-off versus Jason Spezza in Rangers zone.
11:19 of 3rd period - Wrist shot by Tanner Pearson.
11:19 of 3rd period - Shot Misses the Net.
11:27 of 3rd period - Wrist shot by Tanner Pearson.
11:27 of 3rd period - Shot Misses the Net.
11:29 of 3rd period - Snap shot by Viktor Arvidsson.
11:29 of 3rd period - Shot Misses the Net.
11:31 of 3rd period - Slapshot by Jason Garrison.
11:31 of 3rd period - Stopped by Henrik Lundqvist with a rebound.
11:41 of 3rd period - Luca Sbisa is hit by Brayden Schenn and loses puck.
12:04 of 3rd period - Slapshot by Paul Byron.
12:04 of 3rd period - Stopped by Jaroslav Halak with a rebound.
12:40 of 3rd period - Minor Penalty to Christian Folin for Delaying the game.
12:41 of 3rd period - Frans Nielsen wins face-off versus Ben Smith in Rangers zone.
12:46 of 3rd period - Snap shot by Frans Nielsen.
12:46 of 3rd period - Shot Misses the Net.
12:56 of 3rd period - Ben Smith is hit by Frans Nielsen and loses puck.
13:17 of 3rd period - Ben Smith is hit by Michael Cammalleri and loses puck.
14:10 of 3rd period - Dougie Hamilton is hit by Zdeno Chara and loses puck.
14:40 of 3rd period - Penalty to Christian Folin is over, Christian Folin is back on ice.
17:51 of 3rd period - Alexandre Burrows is hit by Brayden Schenn and loses puck.
18:34 of 3rd period - Chandler Stephenson is hit by Matt Duchene and loses puck.
Goals for this period are 0 for Rangers vs 0 for Senateurs.
Shots for this period are 10 for Rangers vs 11 for Senateurs.